 Dungeon Crawl Stone Soup version 0.29-a0-418-gc0181ea820 (webtiles) character file.

Game seed: 3000596959845264943

6875 Pelinal the Nimble (level 11, -2/68 HPs)
             Began as a Merfolk Ice Elementalist on May 17, 2022.
             Was a Believer of Ashenzari.
             Slain by a komodo dragon (16 damage)
             ... on level 1 of the Lair of Beasts.
             The game lasted 00:26:56 (11709 turns).

Pelinal the Nimble (Merfolk Ice Elementalist)      Turns: 11709, Time: 00:26:57

Health: -2/68      AC: 13    Str:  8    XL:     11   Next: 6%
Magic:  8/14       EV: 17    Int: 19    God:    Ashenzari [**....]
Gold:   394        SH:  0    Dex: 15    Spells: 3/14 levels left

rFire   . . .      SeeInvis +   m - +0 trident
rCold   . . .      Faith    .   (no shield)
rNeg    . . .      Spirit   .   a - +0 robe "Ruined With Me" {Range, Bglg} (curse)
rPois   .          Reflect  .   S - +0 hat
rElec   .          Harm     .   D - +0 cloak
rCorr   .          Rampage  .   I - +0 pair of gloves
Will    .....                   z - +1 pair of boots "Ruined With Me" {Evo, Bglg} (curse)
Stlth   ++++......              n - amulet "Share My Secrets" {RegenMP, Elem, Fort} (curse)
HPRegen 0.21/turn               w - ring of wizardry
MPRegen 0.54/turn               (no ring)

@: ice-armoured
A: (nimble swimmer 2), mertail
a: Renounce Religion, Curse Item, Shatter the Chains


You were on level 1 of the Lair of Beasts.
You worshipped Ashenzari.
Ashenzari was pleased with you.
You visited 2 branches of the dungeon, and saw 9 of its levels.
You also visited: Sewer and Bailey.

You collected 456 gold pieces.
You spent 62 gold pieces at shops.

Inventory:

Hand Weapons
 m - a +0 trident (weapon)
 v - a +0 dagger
Missiles
 h - 298 stones (quivered)
 i - 3 javelins
 k - 8 poisoned darts
 s - 20 boomerangs
Armour
 a - the cursed +0 robe "Ruined With Me" (worn) {Range, Bglg}

   It has a curse which improves the following skills: Ranged Combat: Slings,
   Bows, Crossbows and Throwing.
   Beguiling: Conjurations, Hexes and Translocations.
 z - the cursed +1 pair of boots "Ruined With Me" (worn) {Evo, Bglg}
   (You found it on level 4 of the Dungeon)

   It has a curse which improves the following skills: Evocations: Evocations.
   Beguiling: Conjurations, Hexes and Translocations.
 D - a +0 cloak (worn)
 I - a +0 pair of gloves (worn)
 S - a +0 hat (worn)
Jewellery
 n - the cursed amulet "Share My Secrets" (around neck) {RegenMP, Elem, Fort}
   (You took it off a goblin on level 2 of the Dungeon)

   [amulet of magic regeneration]

   It increases your rate of magic regeneration.
   It has a curse which improves the following skills: Elements: Fire Magic, Ice
   Magic, Air Magic and Earth Magic.
   Fortitude: Armour and Shields.
 w - a ring of wizardry (left hand)
 Q - a ring of flight
Wands
 A - a wand of flame (6)
 B - a wand of mindburst (29)
 M - a wand of iceblast (14)
 P - a wand of paralysis (3)
Scrolls
 c - 3 scrolls of enchant armour
 e - 5 scrolls of blinking
 l - a scroll of fear
 p - a scroll of noise
 q - 2 scrolls of poison
 u - a scroll of silence
 x - a scroll of summoning
 y - a scroll of immolation
 C - 6 scrolls of magic mapping
 E - a scroll of fog
 F - a scroll of brand weapon
 J - a scroll of vulnerability
 K - a scroll of teleportation
 L - a scroll of acquirement
Potions
 b - a potion of magic
 d - 5 potions of heal wounds
 f - 3 potions of haste
 g - a potion of flight
 j - 5 potions of curing
 o - 2 potions of mutation
 r - 2 potions of brilliance
 t - 2 potions of berserk rage
 G - a potion of invisibility {found in sewer}
 N - a potion of cancellation
Miscellaneous
 O - a tin of tremorstones (2/2)


   Skills:
 + Level 10.5 Polearms
 - Level 6.0(7.2) Throwing
 + Level 10.9 Dodging
 - Level 9.0 Stealth
 - Level 2.0 Spellcasting
 - Level 3.0 Transmutations
 - Level 7.2(8.5) Ice Magic
 + Level 4.4(5.6) Evocations


You had 3 spell levels left.
You knew the following spells:

 Your Spells              Type           Power      Damage    Failure   Level
a - Freeze                Ice            100%       1d11      1%          1
b - Frozen Ramparts       Ice            68%        1d8       1%          3
c - Ozocubu's Armour      Ice            34%        N/A       1%          3
d - Ensorcelled Hibernat  Hex/Ice        36%        N/A       1%          2
z - Wereblood             Tmut           13%        N/A       3%          2

Your spell library contained the following spells:

 Spells                   Type           Power      Damage    Failure   Level
 Beastly Appendage        Tmut           26%        N/A       1%          1
 Foxfire                  Conj/Fire      8%         2x1d4     6%          1
 Pain                     Necr           4%         1d4       7%          1
 Blink                    Tloc           4%         N/A       10%         2
 Corpse Rot               Necr/Air       4%         N/A       11%         2
 Poisonous Vapours        Pois/Air       4%         N/A       11%         2
 Spider Form              Tmut/Pois      7%         N/A       11%         3
 Ignite Poison            Fire/Tmut/Pois 5%         N/A       13%         3
 Conjure Flame            Conj/Fire      2%         6-21      19%         3
 Inner Flame              Hex/Fire       2%         N/A       19%         3
 Lesser Beckoning         Tloc           2%         N/A       19%         3
 Vampiric Draining        Necr           1%         2d6       21%         3
 Hailstorm                Conj/Ice       18%        3d6       12%         4
 Flame Wave               Conj/Fire      2%         2d4       50%         4
 Sticky Flame             Conj/Fire      2%         2d3       50%         4
 Anguish                  Hex/Necr       1%         N/A       52%         4
 Manifold Assault         Tloc           2%         N/A       83%         5
 Monstrous Menagerie      Summ           0%         N/A       100%        7
 Dragon's Call            Summ           0%         N/A       100%        9


Dungeon Overview and Level Annotations

Branches:
Dungeon (8/15)             Temple (0/1) D:6            Lair (1/6) D:8
  Sewer (visited)          Bailey (visited)

Altars:
Ashenzari
Cheibriados
Dithmenos
Fedhas
Gozag
Hepliaklqana
Kikubaaqudgha
Okawaru
Qazlal
Ru
Trog
Wu Jian
Xom

Shops:
D:2 =   D:5 *

Annotations:
D:5 exclusion: 4 doors


Innate Abilities, Weirdness & Mutations

((You are very nimble when in or above water. (Stealth+, EV+, Speed+++)))
Your lower body shifts to a powerful aquatic tail in water.


Message History

Aiming: Freeze (safe; 1% risk of failure)
Press: ? - help, Shift-Dir - straight line, f - komodo dragon, p - yak
Aim: a komodo dragon (severely wounded, slow)
You freeze the komodo dragon!
The komodo dragon is almost dead.
The frozen ramparts melt away.
The komodo dragon completely misses you.
The yak gores you but does no damage.
Unknown command.
Casting: Freeze (safe; 1% risk of failure)
Confirm with . or Enter, or press ? or * to list all spells.
Aiming: Freeze (safe; 1% risk of failure)
Press: ? - help, Shift-Dir - straight line, f/p - komodo dragon
Aim: a komodo dragon (almost dead, slow)
You freeze the komodo dragon.
The komodo dragon is almost dead.
The komodo dragon seems to slow down.
A yak comes into view.
The komodo dragon barely misses you.
Unknown command.
Casting: Freeze (safe; 1% risk of failure)
Confirm with . or Enter, or press ? or * to list all spells.
Aiming: Freeze (safe; 1% risk of failure)
Press: ? - help, Shift-Dir - straight line, f/p - komodo dragon
Aim: a komodo dragon (almost dead, slow)
You freeze the komodo dragon.
The komodo dragon is almost dead.
The komodo dragon is no longer moving slowly.
The komodo dragon bites you!
* * * LOW HITPOINT WARNING * * *
Unknown command.
Casting: Freeze (safe; 1% risk of failure)
Confirm with . or Enter, or press ? or * to list all spells.
Aiming: Freeze (safe; 1% risk of failure)
Press: ? - help, Shift-Dir - straight line, f/p - komodo dragon
Aim: a komodo dragon (almost dead)
You freeze the komodo dragon.
The komodo dragon is almost dead.
The yak gores you but does no damage. The komodo dragon bites you!
You die...

##†..#P... , *
##.<..# *# *
#.....# *,
#.....# ,
###.....## , *
#$.......# , *
#)......## , *
##........# *
*,,*#@.......##
* ,,#lY......#
#...YY.>.....#
#(...........#
##...........#
,#.............
,
*...............
,,
....##.........,
* , ..##
###....... , *


You could see a komodo dragon and 3 yaks.

Vanquished Creatures
  An orc warlord (Bailey)
  Pikel (D:8)
  2 black mambas (Lair:1)
  Joseph (D:8)
  Maggie (D:8)
  A kobold demonologist (D:5)
  A troll (D:7)
  3 wargs (D:8)
  2 water moccasins
  4 ice beasts
  5 orc warriors (Bailey)
  A black bear (D:5)
  2 ogres
  2 centaurs (D:8)
  3 phantoms
  2 lemures (D:8)
  6 bullfrogs
  A gnoll sergeant (D:8)
  A necrophage (D:4)
  4 scorpions
  3 howler monkeys
  4 crimson imps (D:6)
  2 hounds
  2 gnoll shamans
  2 orc priests (D:8)
  2 jellies
  Terence (D:2)
  Natasha (D:2)
  3 iguanas
  5 orc wizards
  16 gnolls
  8 adders
  2 shadow imps
  2 white imps
  2 worms
  2 dart slugs
  13 orcs
  4 endoplasms
  2 giant cockroaches
  15 goblins
  10 hobgoblins
  3 jackals (D:3)
  6 quokkas
  8 ball pythons
  4 bats
  4 frilled lizards (D:1)
  16 kobolds
  9 rats
  A spectral hobgoblin (D:4)
196 creatures vanquished.

Vanquished Creatures (others)
  A fungus (D:1)
  16 plants
17 creatures vanquished.

Grand Total: 213 creatures vanquished

Notes
Turn   | Place    | Note
-------+----------+-------------------------------------------
     0 | D:1      | Pelinal the Merfolk Ice Elementalist began the quest for
                  | the Orb.
     0 | D:1      | Reached XP level 1. HP: 13/13 MP: 3/3
   264 | D:1      | Reached XP level 2. HP: 14/19 MP: 1/5
   567 | D:1      | Reached skill level 5 in Ice Magic
   669 | D:1      | Found a faded altar of an unknown god.
   967 | D:2      | Found Xaoruac's Jewellery Boutique.
  1252 | D:2      | Reached XP level 3. HP: 24/24 MP: 3/6
  2010 | D:2      | Noticed Terence
  2019 | D:2      | Learned a level 3 spell: Frozen Ramparts
  2027 | D:2      | Killed Terence
  2028 | D:2      | Reached XP level 4. HP: 22/30 MP: 1/7
  2277 | D:2      | Noticed Natasha
  2283 | D:2      | Killed Natasha
  3160 | D:3      | Learned a level 3 spell: Ozocubu's Armour
  3440 | D:4      | Reached XP level 5. HP: 32/35 MP: 2/8
  3653 | D:4      | Reached skill level 1 in Throwing
  3653 | D:4      | Reached XP level 6. HP: 22/41 MP: 9/9
  3789 | D:4      | Found a blossoming altar of Fedhas.
  4176 | D:4      | Reached XP level 7. HP: 14/46 MP: 8/10
  4472 | D:4      | Found a hazy altar of Hepliaklqana.
  4551 | D:5      | Entered Level 5 of the Dungeon
  4767 | D:5      | Reached skill level 5 in Stealth
  4856 | D:5      | Found a broken altar of Ashenzari.
  4907 | D:5      | Became a worshipper of Ashenzari the Shackled
  4972 | D:5      | Noticed a wyvern
  5003 | D:5      | Noticed a kobold demonologist
  5135 | D:6      | Found a glowing drain.
  5139 | Sewer    | Entered a sewer
  5345 | Sewer    | Reached XP level 8. HP: 42/52 MP: 1/11
  5576 | D:6      | Reached skill level 5 in Throwing
  6447 | D:6      | Got Sif Muna's Handbook of Unholy Companions
  6619 | D:6      | Found a staircase to the Ecumenical Temple.
  6769 | D:6      | Found a shimmering altar of Xom.
  7150 | D:7      | Learned a level 2 spell: Ensorcelled Hibernation
  7217 | D:7      | Reached * piety under Ashenzari
  7217 | D:7      | Identified a scroll of acquirement
  7292 | D:7      | Found a flagged portal.
  7305 | Bailey   | Entered a bailey
  7310 | Bailey   | Noticed an orc warlord
  7385 | Bailey   | Identified the cursed +1 pair of boots "Ruined With Me"
                  | {Evo, Bglg} (You found it on level 4 of the Dungeon)
  7455 | Bailey   | Reached skill level 1 in Polearms
  7455 | Bailey   | Reached skill level 1 in Evocations
  7455 | Bailey   | Reached XP level 9. HP: 46/57 MP: 6/12
  7512 | Bailey   | Found a runed translucent gate.
  7514 | Bailey   | Found a runed translucent gate.
  7515 | Bailey   | Found a runed translucent gate.
  7815 | Bailey   | Killed an orc warlord
  7816 | Bailey   | Reached skill level 5 in Polearms
  7915 | Bailey   | Acquired a book of Changes
  7920 | Bailey   | Learned a level 2 spell: Wereblood
  8050 | D:7      | Noticed a troll
  8056 | D:7      | Killed a troll
  8069 | D:7      | Reached ** piety under Ashenzari
  8077 | D:7      | Reached XP level 10. HP: 61/63 MP: 8/13
  8861 | D:5      | Noticed an orange demon
  8867 | D:5      | Killed a kobold demonologist
  9289 | D:5      | Found Medim's Assorted Antiques.
  9292 | D:5      | Bought a wand of paralysis (4) for 62 gold pieces
  9446 | D:8      | Noticed Joseph
  9472 | D:8      | Reached skill level 1 in Transmutations
  9479 | D:8      | Killed Joseph
  9655 | D:8      | Found a staircase to the Lair.
  9672 | D:8      | Found an ancient bone altar of Kikubaaqudgha.
  9673 | D:8      | Found an iron altar of Okawaru.
  9673 | D:8      | Found a sacrificial altar of Ru.
  9679 | D:8      | Noticed Maggie
  9713 | D:8      | Found an ornate altar of the Wu Jian Council.
  9713 | D:8      | Found a snail-covered altar of Cheibriados.
  9718 | D:8      | Found a shadowy altar of Dithmenos.
  9718 | D:8      | Found an opulent altar of Gozag.
  9719 | D:8      | Found a bloodstained altar of Trog.
  9734 | D:8      | Killed Maggie
 10375 | D:8      | Noticed Pikel
 10390 | D:8      | Killed Pikel
 10391 | D:8      | Reached skill level 10 in Dodging
 10556 | D:8      | Found a stormy altar of Qazlal.
 11643 | Lair:1   | Entered Level 1 of the Lair of Beasts
 11672 | Lair:1   | Noticed a black mamba
 11678 | Lair:1   | Killed a black mamba
 11679 | Lair:1   | Reached skill level 10 in Polearms
 11679 | Lair:1   | Reached XP level 11. HP: 66/68 MP: 14/14
 11709 | Lair:1   | Slain by a komodo dragon

Illustrated notes

Levels and vault maps discovered:
D:1:      eino_arrival_cavern_e, layout_rooms,
          shapermc_ecumenical_altar_hornbeckon
D:2:      layout_rooms, serial_shops, nicolae_shop_stone, minivault_14,
          columned_hall_lemuel, bh_walls_and_bars, uniq_terence, uniq_natasha
D:3:      layout_rooms, kennysheep_doodads
D:4:      layout_cave_pools, fedhas_ov_isle_minmay,
          nicolae_hepliaklqana_monster_ancestors, minmay_between
D:5:      kennysheep_big_flooded_room, layout_basic,
          cheibrodos_ashenzari_chains, serial_shops, kennysheep_mini_moat
D:6:      layout_loops_ring, led_xom_imps, minmay_temple_entry_gardened_gates,
          gup_sewer_entry_spiral, kennysheep_generic_room_3
D:7:      layout_gridville, enter_bailey_7, st_stairs_5
D:8:      layout_layer_cave, nicolae_qazlal_scattered_showers,
          grunt_temple_overflow_open, erik_lair_orcish_takeover,
          chequers_mini_garden, uniq_pikel, uniq_maggie, uniq_joseph
Lair:1:   layout_cave_pods, basic_altar, grunt_megastairs_1, uniq_nergalle

Skill      XL: |  1  2  3  4  5  6  7  8  9 10 |
---------------+-------------------------------+-----
Ice Magic      | 5 6 7 |  7.2
Throwing       | 1 3 4 6 |  6.0
Stealth        | 3 4 6 9 |  9.0
Polearms       | 1 6 10 | 10.5
Dodging        | 3 7 10 | 10.9
Evocations     | 1 4 |  4.4
Transmutations | 3 |  3.0
Spellcasting   | |  2.0

Action                   |  1- 3 |  4- 6 |  7- 9 | 10-12 || total
-------------------------+-------+-------+-------+-------++-------
Melee: Mace              |    37 |    14 |       |       ||    51
       Dagger            |       |    62 |     2 |     3 ||    67
       Trident           |       |       |    74 |   154 ||   228
       Tailslap          |       |       |     1 |       ||     1
       Spear             |       |       |    75 |     5 ||    80
       Punch             |       |       |     2 |       ||     2
Throw: Dart              |     3 |    10 |    26 |       ||    39
       Stone             |       |       |     1 |       ||     1
 Cast: Freeze            |    25 |    24 |    58 |    21 ||   128
       Frozen Ramparts   |     1 |     9 |    30 |    16 ||    56
       Ozocubu's Armour  |       |     4 |    17 |    14 ||    35
       Wereblood         |       |       |     1 |     1 ||     2
       Ensorcelled Hiber |       |       |       |    11 ||    11
Invok: Curse Item        |       |       |     3 |       ||     3
Evoke: Wand              |       |    12 |    16 |    12 ||    40
  Use: Scroll            |       |       |    13 |       ||    13
       Potion            |       |       |     1 |       ||     1
 Stab: Sleeping          |     2 |     4 |     5 |     7 ||    18
       Distracted        |       |       |     2 |     1 ||     3
       Paralysed         |       |       |       |    13 ||    13
Armor: Robe              |     4 |    29 |    49 |    47 ||   129
Dodge: Dodged            |    35 |    58 |   119 |   120 ||   332

Table legend: (Time is in decaauts)
 A = Elapsed time spent in this place.
 B = Non-inter-level travel time spent in this place.
 C = Inter-level travel time spent in this place.
 D = Time resting spent in this place.
 E = Time spent auto-exploring this place.
 F = Levels seen in this place.
 G = Mean time per level.
                   A        B        C        D        E       F      G
               +--------+--------+--------+--------+--------+-----+--------+
         Total |  11650 |  11134 |    516 |   3702 |   4903 |  11 | 1059.1 |
       Dungeon |  10601 |  10086 |    515 |   3264 |   4790 |   8 | 1325.1 |
          Lair |     64 |     64 |      0 |      0 |     12 |   1 |   64.0 |
         Sewer |    327 |    327 |      0 |    219 |     55 |   1 |  327.0 |
        Bailey |    658 |    658 |      0 |    219 |     45 |   1 |  658.0 |
               +--------+--------+--------+--------+--------+-----+--------+

Top non-repeatable levels by time:
     D:8: 2192 daAuts
     D:2: 1941 daAuts
     D:6: 1787 daAuts
     D:4: 1121 daAuts
     D:5: 1068 daAuts
     D:7: 1000 daAuts
     D:1: 944 daAuts
  Bailey: 658 daAuts
     D:3: 544 daAuts
   Sewer: 327 daAuts
  Lair:1: 64 daAuts
